 Dungeon Crawl Stone Soup version 0.22.1-1-ga44c0e5 (webtiles) character file.

2370 teukkam the Cleaver (level 9, -2/83 HPs)
             Began as a Minotaur Berserker on Oct 11, 2018.
             Was an Elder of Trog.
             Shot with a bolt by something (7 damage)
             ... in a bailey on Oct 16, 2018.
             The game lasted 00:29:00 (7024 turns).

teukkam the Cleaver (Minotaur Berserker)            Turns: 7024, Time: 00:29:01

Health: -2/83      AC: 10    Str: 24    XL:     9   Next: 21%
Magic:  8/8        EV:  9    Int:  4    God:    Trog [****..]
Gold:   353        SH:  0    Dex: 11    Spells: 8/8 levels left

rFire    . . .     SeeInvis .   b - +0 shortbow
rCold    . . .     Gourm    .   (shield currently unavailable)
rNeg     . . .     Faith    .   g - +0 chain mail
rPois    .         Spirit   .   (helmet restricted)
rElec    .         Reflect  .   G - +0 cloak
rCorr    .         Harm     .   (no gloves)
MR       .....                  (no boots)
Stlth    ..........             (no amulet)
HPRegen  0.23/turn              (no ring)
MPRegen  0.11/turn              (no ring)

@: no status effects
A: retaliatory headbutt, horns 2
a: Berserk, Trog's Hand, Brothers in Arms, Renounce Religion


You were in a bailey.
You worshipped Trog.
Trog was greatly pleased with you.
You were hungry.

You visited 1 branch of the dungeon, and saw 8 of its levels.
You also visited: Bailey.

You collected 353 gold pieces.

Inventory:

Hand Weapons
 a - a +0 hand axe
 b - a +0 shortbow (weapon)
 v - a +1 rapier of venom
 C - a +0 hunting sling
 D - a +1 dagger of venom
 H - a +2 dagger of draining
 J - a +2 halberd of venom
 K - a +0 arbalest
Missiles
 d - 260 stones
 h - 88 arrows (quivered)
 w - 11 poisoned needles
 y - 42 bolts
Armour
 g - a +0 chain mail (worn)
 G - a +0 cloak (worn)
Jewellery
 m - a +4 ring of intelligence {unknown}
 E - an uncursed ring of protection from magic {unknown}
Wands
 s - a wand of disintegration (10)
 B - a wand of random effects (15)
Scrolls
 e - a scroll of magic mapping
 i - 2 scrolls of fog {unknown}
 k - a scroll of fear {unknown}
 l - a scroll of random uselessness {unknown}
 n - a scroll of teleportation {unknown}
 o - a scroll of remove curse {unknown}
 q - 4 scrolls of identify {unknown}
 A - a scroll of enchant armour {unknown}
 I - a scroll of enchant weapon {unknown}
Potions
 f - 2 potions of invisibility
 j - 2 potions of curing
 p - a potion of brilliance {unknown}
 r - a potion of degeneration {unknown}
 t - a potion of lignification {unknown}
 u - a potion of might {unknown}
 x - a potion of magic
 z - a potion of cancellation
 F - a potion of agility {unknown}
Comestibles
 c - 10 rations


   Skills:
 + Level 9.1 Fighting
 - Level 2.4 Short Blades
 - Level 9.1 Axes
 + Level 0.1(5.6) Polearms
 - Level 2.5(3.3) Slings
 + Level 5.5 Bows
 + Level 0.0 Crossbows
 - Level 2.7(3.2) Throwing
 - Level 3.1 Armour
 - Level 2.8 Dodging


You had 8 spell levels left.
You didn't know any spells.
Your spell library contained the following spells:

 Spells                   Type           Power        Failure   Level  Hunger
 Ignite Poison            Fire/Tmut/Pois #.......     100%        3    ####...
 Fireball                 Conj/Fire      #.........   100%        5    ######.
 Bolt of Fire             Conj/Fire      #.........   100%        6    #######
 Ring of Flames           Chrm/Fire      #.........   100%        7    #######
 Ignition                 Fire           #.........   100%        8    #######


Dungeon Overview and Level Annotations

Branches:
Dungeon (9/15)             Temple (0/1) D:5
   Lair: D:8-11         Orc: D:9-12

Altars:
Hepliaklqana
Nemelex Xobeh
Okawaru
Uskayaw
Zin

Shops:
D:5 !   D:6 *

Annotations:
D:4 1 runed door, SaintRoka's ghost, weakling VSWn


Innate Abilities, Weirdness & Mutations

You reflexively headbutt those who attack you in melee.
You have a pair of horns on your head.


Message History

The orc shoots a bolt.
The bolt closely misses you.
You are very lightly contaminated with residual magic.
It was a potion of curing.
You feel better.
You hear a thunk.
A bolt appears from out of thin air!
The bolt hits you!!
* * * LOW HITPOINT WARNING * * *
Okay, then.
You hear a thunk.
A bolt appears from out of thin air!
Okay, then.
It was a potion of magic.
Magic courses through your body.
The orc shoots a bolt.
It was a potion of cancellation.
Your magical effects are unravelling.
You feel magically purged.
Your magical contamination has completely faded away.
You flicker back into view.
You hear a thunk.
A bolt appears from out of thin air!
The bolt hits you!
You die...

..≈≈#.#≈≈......#
.≈##.##≈......#
..≈..^.)≈......#
..≈#∩.##≈......#
..≈≈#.#≈≈......#
...≈≈≈≈≈.......#
...............#
#.............[#
#.............@#
##............(#
#.............#
#.............#
#.......{..(..#
#.....((......#
#.............#
.........o...#
............#


You could see an orc.

Vanquished Creatures
  Duvessa (D:7)
  An ice beast (D:6)
  A sky beast (D:7)
  An orc warrior (D:9)
  2 phantoms
  4 ogres
  A centaur (D:5)
  A big kobold (D:7)
  3 bullfrogs
  A wyvern zombie (D:7)
  Dowan (D:7)
  3 howler monkeys (D:7)
  3 crimson imps
  A lava snake (D:7)
  4 hounds
  A jelly (D:7)
  2 orc priests
  A gnoll shaman (D:6)
  A bullfrog skeleton (D:5)
  4 orc wizards
  4 worker ants
  2 iguanas (D:9)
  A worker ant zombie (D:9)
  7 gnolls
  8 adders
  A shadow imp (D:5)
  An adder zombie (D:7)
  2 worms
  A dart slug (D:5)
  5 leopard geckos
  24 orcs
  7 bats
  4 giant cockroaches
  5 goblins
  8 hobgoblins
  4 jackals (D:6)
  9 kobolds
  5 quokkas
  5 frilled lizards
  A giant cockroach zombie (D:5)
  A quokka skeleton (D:5)
  9 rats
151 creatures vanquished.

Notes
Turn   | Place    | Note
-------+----------+-------------------------------------------
     0 | D:1      | teukkam the Minotaur Berserker began the quest for the Orb.
     0 | D:1      | Reached XP level 1. HP: 19/19 MP: 0/0
   349 | D:1      | Reached XP level 2. HP: 27/27 MP: 1/1
   818 | D:2      | Found a sparkling altar of Nemelex Xobeh.
   938 | D:2      | Reached XP level 3. HP: 28/33 MP: 2/2
  1565 | D:2      | Reached XP level 4. HP: 22/41 MP: 3/3
  1906 | D:3      | Found a hazy altar of Hepliaklqana.
  1920 | D:3      | Reached ** piety under Trog
  1920 | D:3      | Reached skill level 1 in Throwing
  2219 | D:3      | Noticed a phantom
  2233 | D:3      | Killed a phantom
  2233 | D:3      | Reached skill level 5 in Fighting
  2233 | D:3      | Reached skill level 5 in Axes
  2233 | D:3      | Reached XP level 5. HP: 37/48 MP: 4/4
  2312 | D:3      | Found a glowing silver altar of Zin.
  2913 | D:4      | Reached XP level 6. HP: 54/56 MP: 5/5
  2982 | D:4      | Noticed SaintRoka's ghost (weakling VSWn)
  2992 | D:4      | Found a runed door.
  3542 | D:5      | Entered Level 5 of the Dungeon
  3720 | D:5      | Reached skill level 1 in Slings
  4003 | D:5      | Reached XP level 7. HP: 60/63 MP: 6/6
  4044 | D:5      | Noticed a dagger
  4045 | D:5      | Noticed a hand axe
  4047 | D:5      | Found a hide-covered altar of Uskayaw.
  4073 | D:5      | Found a staircase to the Ecumenical Temple.
  4169 | D:5      | Found an iron altar of Okawaru.
  4373 | D:5      | Found Doph's Distillery.
  4541 | D:5      | Reached skill level 1 in Bows
  4702 | D:5      | Reached *** piety under Trog
  5153 | D:6      | Reached XP level 8. HP: 32/73 MP: 7/7
  5592 | D:6      | Found Samnit's General Store.
  6142 | D:7      | Noticed Dowan
  6152 | D:7      | Noticed Duvessa
  6168 | D:7      | Killed Duvessa
  6171 | D:7      | Killed Dowan
  6171 | D:7      | Reached **** piety under Trog
  6257 | D:7      | Reached skill level 5 in Bows
  6263 | D:7      | Reached skill level 1 in Short Blades
  6279 | D:7      | Reached XP level 9. HP: 48/82 MP: 8/8
  6631 | D:7      | You fall through a shaft for 2 floors!
  6874 | D:9      | Found a flagged portal.
  6899 | Bailey   | Entered a bailey
  7024 | Bailey   | Shot with a bolt by something

Skill      XL: |  1  2  3  4  5  6  7  8  9 |
---------------+----------------------------+-----
Fighting       | 4 5 6 7 8 9 |  9.1
Axes           | 4 5 6 7 8 9 |  9.1
Armour         | 3 |  3.1
Throwing       | 2 |  2.7
Slings         | 2 |  2.5
Bows           | 2 5 |  5.5
Short Blades   | 1 2 |  2.4
Polearms       | |  0.1
Dodging        | |  2.8

Action                   |  1- 3 |  4- 6 |  7- 9 || total
-------------------------+-------+-------+-------++-------
Melee: Hand axe          |    60 |    89 |   201 ||   350
       Headbutt          |    11 |    10 |    33 ||    54
       Short sword       |       |       |     6 ||     6
 Fire: Hunting sling     |       |    20 |     7 ||    27
       Shortbow          |       |       |    62 ||    62
       Arbalest          |       |       |     2 ||     2
Throw: Stone             |    36 |    15 |       ||    51
       Tomahawk          |     5 |    34 |       ||    39
Invok: Berserk           |       |     2 |     5 ||     7
Evoke: Wand              |       |       |     4 ||     4
  Use: Potion            |       |       |     4 ||     4
       Scroll            |       |       |     1 ||     1
  Eat: Chunk             |     2 |     6 |    14 ||    22
       Ration            |       |     1 |       ||     1
Armor: Chain mail        |    39 |    36 |    98 ||   173
       Animal skin       |     1 |       |       ||     1
Dodge: Dodged            |    32 |    41 |    94 ||   167
